Map: Whirlwind LE (Void)

Players

Gorod - Winner!

  • Race: Zerg Zerg
  • League: Diamond
  • Spawn Location: 5:00

Tobyas

  • Race: Terran Terran
  • League: Diamond
  • Spawn Location: 11:00

VOD

Have the link to the VOD?

Description

Time

  • Played on: Dec. 19, 2016, 7:13 a.m.
  • Length: 11:17
Show
View Real Time Build Order
Export as new Build Order

Gorod Zerg - Winner!

Build Orders: Hatch First 

Get SALT Encoding   

  12  0:00  Drone  
  13  0:08  Drone  
  14  0:18  Drone, Extractor  
  15  0:40  Hatchery  
  14  0:45  Drone, Extractor  
  15  1:00  Spawning Pool  
  14  1:07  Extractor  
  14  1:08  Drone  
  14  1:11  Extractor  
  13  1:12  Drone  
  13  1:17  Overlord  
  16  1:36  Drone x2  
  18  1:47  Queen  
  18  1:52  Queen  
  22  1:55  Drone x2  
  22  1:57  Drone  
  25  2:05  Drone  
  26  2:10  Overlord  
  26  2:15  Drone x2  
  27  2:36  Drone x3  
  27  2:37  Drone  
  31  2:47  Drone x2  
  31  2:48  Queen  
  35  2:53  Queen, Extractor  
  35  2:54  Extractor  
  35  2:56  Overlord, Roach Warren  
  34  2:58  Drone  
  34  3:01  Zergling x2  
  36  3:16  Drone  
  36  3:17  Drone x4  
  41  3:21  Overlord  
  41  3:52  Evolution Chamber x2  
  41  3:55  Roach  
  41  3:56  Roach x5  
  50  4:07  Overlord x2  
  50  4:27  Roach x5  
  60  4:34  Evolution Chamber  
  60  4:37  Evolution Chamber  
  58  4:40  Evolution Chamber  
  57  4:50  Roach x5  
  57  4:52  Overlord x2  
  69  5:03  Overlord x2  
  69  5:17  Lair  
  69  5:18  Drone x4  
  73  6:27  Glial Reconstitution  
  73  6:30  Extractor  
  73  6:31  Extractor  
  73  6:32  Zerg Ground Armor Level 1, Zerg Missile Weapons Level 1  
  71  6:34  Drone x7  
  71  6:35  Drone x9  
  87  7:33  Hatchery  
  87  7:34  Extractor  
  84  7:46  Roach x2  
  84  7:47  Roach x5  
  98  7:56  Ravager x2  
  100  8:07  Overlord  
  100  8:08  Overlord x4  
  100  8:17  Extractor  
  100  8:18  Zergling x2  
  100  8:33  Roach x13  
  126  8:40  Ravager  
  126  8:41  Ravager x4  
  130  9:03  Roach x7  
  130  9:04  Roach  
  146  9:16  Overlord  
  146  9:17  Overlord x5  
  146  9:24  Spore Crawler  
  145  9:25  Spore Crawler  
  145  9:26  Spore Crawler  
  143  9:39  Ravager x9  
  143  9:40  Ravager x6  
  152  10:00  Drone x9  
  152  10:01  Drone x5  
  152  10:02  Drone x2  
  152  10:04  Overlord x3  
  168  10:28  Roach  
  168  10:29  Roach x5  
  168  10:32  Zergling x2  
  168  10:34  Hatchery  
  168  10:35  Extractor  
  179  10:36  Extractor  
  179  10:39  Drone  
  179  10:40  Drone x3  
  179  10:41  Drone x2  
Show
View Real Time Build Order
Export as new Build Order

Tobyas Terran 

Build Orders: Hellion Opening 

Get SALT Encoding   

  12  0:01  SCV  
  13  0:13  SCV  
  14  0:18  Supply Depot  
  14  0:25  SCV  
  14  0:27  Refinery  
  15  0:40  SCV  
  16  0:46  Barracks  
  16  0:52  SCV  
  18  1:04  SCV  
  18  1:15  Refinery  
  18  1:16  SCV  
  19  1:19  Supply Depot  
  19  1:28  SCV  
  20  1:39  Factory  
  20  1:44  Marine  
  21  1:55  Orbital Command  
  21  2:07  Barracks Reactor  
  21  2:21  Factory  
  21  2:23  SCV  
  22  2:32  Supply Depot  
  22  2:35  SCV  
  24  2:51  SCV  
  24  2:53  Hellion  
  24  2:54  Hellion  
  24  2:55  Barracks Tech Lab  
  28  3:03  SCV  
  29  3:15  SCV  
  29  3:17  Hellion x2  
  34  3:22  Infernal Pre-Igniter  
  34  3:24  Supply Depot  
  36  3:27  Hellion  
  36  3:28  SCV  
  37  3:38  Hellion  
  39  3:41  Supply Depot  
  39  3:43  SCV  
  39  3:46  Marine  
  40  3:51  Hellion  
  40  3:55  SCV  
  43  4:01  Hellion  
  45  4:04  Supply Depot  
  45  4:10  Hellion  
  45  4:12  SCV  
  48  4:19  Hellion  
  52  4:24  SCV, Hellion  
  55  4:40  Supply Depot  
  55  4:41  Hellion  
  57  4:59  Command Center  
  55  5:07  Siege Tank  
  55  5:10  Cyclone  
  55  5:12  SCV  
  62  5:23  Supply Depot  
  62  5:24  SCV  
  62  5:27  Barracks Reactor  
  63  5:31  Supply Depot  
  63  5:37  Hellion  
  63  5:38  SCV  
  66  5:49  Cyclone  
  69  5:50  SCV  
  69  5:55  Siege Tank  
  73  6:02  SCV  
  74  6:12  Orbital Command  
  74  6:14  Marine  
  74  6:15  Marine  
  74  6:22  SCV  
  73  6:27  Barracks, Siege Tank  
  76  6:33  Barracks  
  76  6:36  Cyclone  
  76  6:39  SCV  
  80  6:40  SCV  
  80  6:44  Marine  
  80  6:46  Marine  
  83  6:54  SCV x2  
  83  7:02  Marine  
  83  7:03  Widow Mine x2  
  83  7:05  Engineering Bay  
  88  7:16  Marine  
  88  7:17  Command Center, Barracks Tech Lab  
  88  7:21  SCV  
  88  7:22  Barracks Reactor  
  90  7:24  Marine  
  90  7:25  Widow Mine  
  93  7:32  Cyclone  
  96  7:38  Terran Infantry Weapons Level 1  
  96  7:41  Stimpack, Marine x2  
  96  7:44  SCV x2  
  100  7:56  SCV x2  
  100  7:57  Supply Depot x2  
  102  7:59  Supply Depot  
  102  8:07  Engineering Bay  
  102  8:18  Marine x5  
  102  8:19  SCV x2  
  109  8:27  Starport  
  109  8:31  SCV  
  109  8:32  Armory  
  110  8:35  Siege Tank  
  110  8:36  Marine x3  
  112  8:45  Terran Infantry Armor Level 1  
  112  8:46  SCV  
  113  8:50  Widow Mine  
  113  8:51  Widow Mine  
  117  8:56  Marine x2  
  119  9:05  Starport Reactor  
  119  9:07  Siege Tank  
  119  9:09  Barracks  
  122  9:11  Marine x3  
  122  9:13  Barracks  
  122  9:14  Marine, Supply Depot  
  122  9:16  Marine  
  123  9:28  Marine  
  123  9:29  Marine x2  
  126  9:31  Marine  
  126  9:33  Marine  
  128  9:41  Siege Tank  
  131  9:46  Marine x3  
  131  9:49  Marine  
  131  9:51  Marine  
  129  10:03  Refinery x2, Command Center  
  129  10:04  Marine  
  129  10:05  Missile Turret  
  129  10:06  Missile Turret  
  130  10:18  Barracks Reactor x2  
  130  10:20  Supply Depot  
  130  10:22  SCV  
  131  10:29  Supply Depot  
  131  10:30  Marine  
  131  10:31  Marine x4  
  131  10:33  Missile Turret  
  136  10:36  Orbital Command  
  136  10:48  Marine x2  
  140  10:55  Marine  
Tags
 
Add a new tag
Caveats
  • Supply blocks, unpowered buildings, or Contaminate may cause inaccurate times.
  • Supply counts are checked every 10 seconds.